 Dungeon Crawl Stone Soup version bcrawl-1.14 (webtiles) character file.

Game seed: 15190993219251006875

12222 MisterOstroum the Blocker (level 11, -1/109 HPs)
             Began as a Troll Arcane Marksman on Sept 14, 2019.
             Was an Initiate of Makhleb.
             Slain by an ice dragon (12 damage)
             ... on level 1 of the Lair of Beasts.
             The game lasted 00:33:32 (10121 turns).

MisterOstroum the Blocker (Troll Arcane Marksman)  Turns: 10121, Time: 00:33:33

Health: -1/109     AC:  9    Str: 21    XL:     11   Next: 59%
Magic:  0/13       EV: 10    Int: 10    God:    Makhleb [......]
Gold:   831        SH: 17    Dex: 12    Spells: 11/14 levels left

rFire    + . .     SeeInvis .     - Unarmed
rCold    . . .     Gourm    +   o - +0 large shield
rNeg     . . .     Faith    .   (armour unavailable)
rPois    .         Spirit   +   (helmet restricted)
rElec    .         Reflect  .   y - scarf {Spirit}
rCorr    .         Harm     .   (gloves unavailable)
MR       .....                  (boots unavailable)
Stlth    +.........             (no amulet)
HPRegen  0.68/turn              s - ring of protection from fire
MPRegen  0.13/turn              (no ring)

@: no status effects
A: large, almost no armour, unfitting armour, claws 3, fast metabolism 3,
gourmand, regeneration 1, AC +9
a: Renounce Religion


You were on level 1 of the Lair of Beasts.
You worshipped Makhleb.
Makhleb was noncommittal.
You were very full.

You visited 3 branches of the dungeon, and saw 11 of its levels.

You collected 831 gold pieces.

Inventory:

Hand Weapons
 a - a +5 blowgun
 m - a +1 dagger of venom
Missiles
 b - 3375 stones
 c - 73 large rocks
 d - a throwing net {!f!f}
 g - 385 tomahawks (quivered)
 C - 516 poisoned needles
Armour
 i - a +0 cloak
 o - a +0 large shield (worn)
 y - a scarf of spirit shield (worn)
Jewellery
 s - a ring of protection from fire (left claw)
 u - an uncursed ring of insulation {unknown}
 D - an uncursed ring of resist corrosion {unknown}
Wands
 x - a wand of paralysis (2)
 A - a wand of polymorph (6)
 E - a wand of disintegration (10)
 J - a wand of random effects (11)
 K - a wand of iceblast (11)
Scrolls
 j - 2 scrolls of magic mapping {@r5 !r}
 k - 2 scrolls of amnesia {unknown}
 l - 4 scrolls of remove curse {@r2}
 q - a scroll of torment {unknown}
 t - 2 scrolls of fog {!r}
 w - a scroll of teleportation {unknown}
 B - 6 scrolls of identify {@r1}
 F - 2 scrolls of enchant armour {unknown}
 I - a scroll of vulnerability {unknown}
Potions
 f - a potion of berserk rage
 h - 4 potions of mutation {unknown}
 n - a potion of cancellation {unknown}
 p - a potion of might {@q3 !q}
 r - a potion of heal wounds {@q2 !q}
 v - 3 potions of flight {unknown}
 z - a potion of brilliance {unknown}
 G - a potion of agility {unknown}
 H - a potion of lignification {unknown}
Comestibles
 e - 25 rations {!d}


   Skills:
 * Level 7.1 Fighting
 - Level 8.2 Throwing
 - Level 4.3 Dodging
 - Level 9.6 Shields
 + Level 6.4 Unarmed Combat
 - Level 2.0 Spellcasting
 + Level 5.9 Hexes
 + Level 1.9 Invocations
 - Level 1.2 Evocations


You had 11 spell levels left.
You knew the following spells:

 Your Spells              Type           Power        Failure   Level  Hunger
a - Corona                Hex            ##.....      9%          1    ##.....
b - Shackle               Hex            ##......     13%         2    ###....

Your spell library contained the following spells:

 Spells                   Type           Power        Failure   Level  Hunger
 Confuse                  Hex            ##......     26%         3    ####...
 Cause Fear               Hex            ##........   63%         4    #####..
 Dazzling Spray           Conj/Hex       #.....       65%         3    ####...
 False Image              Hex/Summ       #.......     65%         3    ####...
 Inner Flame              Hex/Fire       N/A          65%         3    ####...
 Yara's Violent Unravell  Hex/Tmut       #.........   96%         4    #####..
 Petrify                  Tmut/Erth      #.......     100%        4    #####..
 Metabolic Englaciation   Hex/Ice        #.........   100%        5    ######.
 Mana Rupture             Conj/Hex       #.........   100%        7    #######


Dungeon Overview and Level Annotations

Branches:
Dungeon (9/12)             Temple (1/1) D:4            Lair (1/6) D:8
    Orc: D:8-11

Altars:
Cheibriados
Fedhas
Gozag
Kikubaaqudgha
Makhleb
Nemelex Xobeh
Qazlal
Ru
Uskayaw
Wu Jian
Xom

Shops:
D:5 ::(   D:7 !

Annotations:
D:4 1 runed translucent door, DawwaD's ghost, amateur MiBe
Lair:1 exclusion: oklob plant


Innate Abilities, Weirdness & Mutations

You cannot wear most types of armour.
Your thick skin is tough. (AC +9)
You are too large for most types of armour.
You have claws for hands.
Your metabolism is lightning-fast.
You like to eat raw meat.
Your natural rate of healing is unusually fast.


Message History

Found a falchion.
An ice dragon comes into view.
Found 55 gold pieces.
An ice dragon is nearby!
An ice dragon is nearby!
Number of times to repeat, then command key: You must enter the number of times for the command to repeat.
Number of times to repeat, then command key: You must enter the number of times for the command to repeat.
Casting: Corona (safe; 9% risk of failure)
Confirm with . or Enter, or press ? or * to list all spells.
Aiming: Corona (safe; 9% risk of failure)
Press: ? - help, Shift-Dir - straight line, f - ice dragon
Aim: an ice dragon (resting, chance to defeat MR: 31%)
Okay, then.
Unknown command.
Throwing (i - inventory. (/) - cycle)
g - 391 tomahawks (quivered)
Press: ? - help, Shift-Dir - straight line, f - ice dragon
Aim: an ice dragon (resting)
You throw a tomahawk. The tomahawk hits the ice dragon!
The ice dragon roars deafeningly!
The ice dragon is lightly wounded.
Throwing (i - inventory. (/) - cycle)
g - 390 tomahawks (quivered)
Press: ? - help, Shift-Dir - straight line, f/p - ice dragon
Aim: an ice dragon (lightly wounded)
You throw a tomahawk. The tomahawk hits the ice dragon.
The ice dragon is lightly wounded.
Throwing (i - inventory. (/) - cycle)
g - 389 tomahawks (quivered)
Press: ? - help, Shift-Dir - straight line, f/p - ice dragon
Aim: an ice dragon (lightly wounded)
You throw a tomahawk.
The tomahawk closely misses the ice dragon.
Throwing (i - inventory. (/) - cycle)
g - 388 tomahawks (quivered)
Press: ? - help, Shift-Dir - straight line, f/p - ice dragon
Aim: an ice dragon (lightly wounded)
You throw a tomahawk. The tomahawk hits the ice dragon!
The ice dragon is lightly wounded.
Throwing (i - inventory. (/) - cycle)
g - 387 tomahawks (quivered)
Press: ? - help, Shift-Dir - straight line, f/p - ice dragon
Aim: an ice dragon (lightly wounded)
You throw a tomahawk.
The tomahawk hits the ice dragon but does no damage.
The ice dragon is lightly wounded.
Throwing (i - inventory. (/) - cycle)
g - 386 tomahawks (quivered)
Press: ? - help, Shift-Dir - straight line, f/p - ice dragon
Aim: an ice dragon (lightly wounded)
You throw a tomahawk.
The tomahawk hits the ice dragon but does no damage.
The ice dragon is lightly wounded.
Casting: Corona (safe; 9% risk of failure)
Confirm with . or Enter, or press ? or * to list all spells.
Aiming: Corona (safe; 9% risk of failure)
Press: ? - help, Shift-Dir - straight line, f/p - ice dragon
Aim: an ice dragon (lightly wounded, chance to defeat MR: 31%)
The ice dragon resists with some effort.
The ice dragon bites you! You block the ice dragon's attack. x2
You claw the ice dragon!
The ice dragon is moderately wounded.
You block the ice dragon's attack. x3
You scratch the ice dragon.
The ice dragon is moderately wounded.
The ice dragon bites you. The ice dragon barely misses you.
You block the ice dragon's attack.
Your shield prevents you from hitting the ice dragon.
The ice dragon is moderately wounded.
You block the ice dragon's attack. The ice dragon closely misses you.
The ice dragon tramples you.
You hold your ground!
You scratch the ice dragon but do no damage.
The ice dragon is moderately wounded.
You block the ice dragon's attack. The ice dragon completely misses you.
You block the ice dragon's attack.
You claw the ice dragon!
The ice dragon is moderately wounded.
You block the ice dragon's attack. The ice dragon claws you.
The ice dragon tramples you!
You stumble backwards!
You claw the ice dragon!
The ice dragon is heavily wounded.
The ice dragon completely misses you. The ice dragon claws you.
The ice dragon tramples you but does no damage.
You scratch the ice dragon but do no damage.
The ice dragon is heavily wounded.
The ice dragon breathes frost at you. The blast of cold hits you!
Ouch! That really hurt!
* * * LOW HITPOINT WARNING * * *
You scratch the ice dragon.
The ice dragon is heavily wounded.
You scratch the ice dragon but do no damage.
The ice dragon is heavily wounded.
The ice dragon breathes frost at you. The blast of cold misses you.
You mangle the ice dragon!!
The ice dragon is severely wounded.
The ice dragon breathes frost at you. The blast of cold hits you!
* * * LOW HITPOINT WARNING * * *
You claw the ice dragon!
The ice dragon is severely wounded.
You block the ice dragon's attack. The ice dragon claws you!
You die...

########## ...≈≈≈≈..###
....≈≈≈D@..##
$..≈≈≈......###
$≈≈≈≈......)..#####
≈≈≈≈≈.............######
≈≈≈≈........#####......#
#≈≈≈.......## ######.##
#≈≈≈≈...#### #..#
######### ##.# ####.#


You could see an ice dragon.

Vanquished Creatures
  A two-headed ogre (D:8)
  Joseph (Lair:1)
  A centaur skeleton (D:8)
  A komodo dragon (Lair:1)
  4 trolls
  2 blink frogs
  2 hippogriffs (D:6)
  22 yaks
  4 hogs
  A wraith (D:7)
  A human (D:7)
  2 hungry ghosts
  Edmund (D:4)
  3 water moccasins
  2 porcupines (Lair:1)
  4 ice beasts
  An eye of draining (D:6)
  2 orc warriors
  3 black bears
  A phantom (D:8)
  2 sky beasts
  A necrophage (D:8)
  6 centaurs
  2 ogres
  A crocodile (D:4)
  4 bullfrogs
  2 big kobolds
  A gnoll sergeant (D:6)
  5 scorpions
  A water moccasin skeleton (D:5)
  A wight (D:8)
  4 howler monkeys
  3 crimson imps
  5 hounds
  8 orc priests
  6 orc wizards
  A bullfrog skeleton (D:8)
  Ijyb (D:2)
  An iguana (D:5)
  9 worker ants
  A hound skeleton (D:7)
  A howler monkey zombie (D:4)
  7 gnolls
  11 adders
  3 shadow imps
  2 oozes
  2 adder skeletons
  An adder zombie (D:8)
  6 worms
  2 dart slugs
  6 leopard geckos
  32 orcs
  3 giant cockroaches
  5 hobgoblins
  9 jackals
  13 kobolds
  2 quokkas
  A ball python (D:2)
  2 bats
  8 frilled lizards
  8 goblins
  4 rats
252 creatures vanquished.

Vanquished Creatures (others)
  A withered plant (D:8)
1 creature vanquished.

Grand Total: 253 creatures vanquished

Notes
Turn   | Place    | Note
-------+----------+-------------------------------------------
     0 | D:1      | MisterOstroum the Troll Arcane Marksman began the quest for
                  | the Orb.
     0 | D:1      | Reached XP level 1. HP: 18/18 MP: 2/2
    84 | D:1      | Reached skill level 1 in Fighting
    86 | D:1      | Reached skill level 1 in Unarmed Combat
   383 | D:1      | Reached XP level 2. HP: 24/27 MP: 3/3
   734 | D:2      | Reached XP level 3. HP: 15/33 MP: 2/4
  1075 | D:2      | Gained mutation: Your natural rate of healing is unusually
                  | fast. [Troll growth]
  1075 | D:2      | Reached XP level 4. HP: 36/42 MP: 1/5
  1411 | D:2      | Found a stormy altar of Qazlal.
  1411 | D:2      | Found an opulent altar of Gozag.
  1657 | D:3      | Reached XP level 5. HP: 42/50 MP: 6/6
  1757 | D:3      | Found a blossoming altar of Fedhas.
  1944 | D:3      | Reached XP level 6. HP: 48/61 MP: 8/8
  2018 | D:3      | Noticed Ijyb
  2129 | D:2      | Killed Ijyb
  2829 | D:3      | Found a faded altar of an unknown god.
  2872 | D:4      | Noticed Edmund
  2887 | D:4      | Killed Edmund
  2887 | D:4      | Reached skill level 5 in Throwing
  2887 | D:4      | Reached XP level 7. HP: 55/67 MP: 9/9
  2906 | D:4      | Found a sacrificial altar of Ru.
  3117 | D:4      | Found a runed translucent door.
  3374 | D:4      | Found a snail-covered altar of Cheibriados.
  3426 | D:4      | Reached XP level 8. HP: 75/75 MP: 10/10
  3491 | D:4      | Found a staircase to the Ecumenical Temple.
  3673 | D:4      | HP: 3/75 [poisoned by an orc wizard]
  3868 | D:4      | Noticed DawwaD's ghost (amateur MiBe)
  3881 | D:5      | Entered Level 5 of the Dungeon
  3950 | D:5      | Found Beung's Weapon Boutique.
  4011 | D:5      | Found an ornate altar of the Wu Jian Council.
  4241 | D:5      | Found Bagaqud's Book Emporium.
  4331 | D:5      | Found Docwal's Book Emporium.
  4661 | D:5      | Found a sparkling altar of Nemelex Xobeh.
  4846 | D:6      | Noticed a hippogriff
  4990 | D:6      | Reached XP level 9. HP: 62/84 MP: 8/11
  5205 | D:6      | Reached skill level 5 in Unarmed Combat
  5391 | D:6      | Reached skill level 5 in Fighting
  6017 | D:6      | Found a hide-covered altar of Uskayaw.
  6073 | D:7      | Reached skill level 5 in Hexes
  6144 | D:7      | Noticed a troll
  6181 | D:7      | Found Toewav's Distillery.
  6517 | D:7      | Learned a level 2 spell: Shackle
  6612 | D:7      | Reached XP level 10. HP: 68/98 MP: 7/12
  6713 | D:7      | Reached skill level 1 in Evocations
  7141 | D:8      | Reached skill level 1 in Shields
  7195 | D:8      | Reached skill level 2 in Shields
  7275 | D:8      | Noticed a two-headed ogre
  7288 | D:8      | Found an ancient bone altar of Kikubaaqudgha.
  7386 | D:8      | Reached skill level 3 in Shields
  7605 | D:8      | Killed a two-headed ogre
  7605 | D:8      | Reached skill level 5 in Shields
  7683 | D:8      | Reached skill level 6 in Shields
  7813 | D:8      | Reached skill level 7 in Shields
  7969 | D:8      | Found a staircase to the Lair.
  8142 | D:8      | Reached skill level 8 in Shields
  8142 | D:8      | Reached XP level 11. HP: 106/107 MP: 11/13
  8891 | Temple   | Entered the Ecumenical Temple
  8893 | Temple   | Became a worshipper of Makhleb the Destroyer
  9195 | D:8      | Reached skill level 9 in Shields
  9207 | Lair:1   | Entered Level 1 of the Lair of Beasts
  9747 | Lair:1   | Reached skill level 1 in Invocations
  9907 | Lair:1   | Noticed Joseph
  9927 | Lair:1   | Killed Joseph
 10010 | Lair:1   | Noticed an oklob plant
 10103 | Lair:1   | Noticed an ice dragon
 10121 | Lair:1   | Slain by an ice dragon

Skill      XL: |  1  2  3  4  5  6  7  8  9 10 11 |
---------------+----------------------------------+-----
Fighting       | 1 2 3 4 6 7 |  7.1
Unarmed Combat | 1 2 3 4 5 6 |  6.4
Throwing       | 2 5 7 8 |  8.2
Spellcasting   | 2 |  2.0
Hexes          | 4 5 |  5.9
Dodging        | 4 |  4.3
Evocations     | 1 |  1.2
Shields        | 8 9 |  9.6
Invocations    | 1 |  1.9

Action                   |  1- 3 |  4- 6 |  7- 9 | 10-12 || total
-------------------------+-------+-------+-------+-------++-------
Melee: Unarmed           |    65 |   173 |   266 |   425 ||   929
       Dagger            |     1 |    14 |       |       ||    15
       Punch             |       |     2 |     6 |     2 ||    10
 Fire: Blowgun           |       |       |       |     3 ||     3
Throw: Tomahawk          |    11 |    23 |   105 |    64 ||   203
       Stone             |       |    25 |    17 |       ||    42
       Large rock        |       |    12 |     4 |    11 ||    27
       Throwing net      |       |     1 |     1 |       ||     2
 Cast: Corona            |     5 |     1 |    36 |    27 ||    69
       Shackle           |       |       |       |     1 ||     1
Evoke: Wand              |       |       |     1 |     3 ||     4
  Use: Scroll            |       |       |     7 |       ||     7
       Potion            |       |       |     4 |       ||     4
 Stab: Held in net/web   |       |     1 |       |       ||     1
       Paralysed         |       |       |       |     9 ||     9
  Eat: Chunk             |    12 |    12 |    26 |    32 ||    82
Armor: Skin              |    12 |    88 |   139 |    87 ||   326
Dodge: Dodged            |    32 |   114 |   158 |   130 ||   434
Block: Large shield      |       |       |       |   246 ||   246
